AoeStats
← Chiripa605

MegaRandom

509912817Analyzed
3v3 RM · 2d ago on Sep 28, 2026· 9m 49s· 6 players
Game mode
Random Map
Map size
Normal (6 player)
Population
200
Speed
Normal
Resources
Standard
Victory
Conquest
Starting age
Dark Age
Ending age
Imperial Age
RankedLock teamsTeams togetherTeam positionsShared explorationLock speedFull tech treeHidden civsTurbo modeCheats
Victory
Defeat
🇮🇹 Britons · Italy
1449
+16
🇪🇸 Mongols · Spain
1409
+18
🇫🇷 Saracens · France
1397
+19
🇵🇪 Britons · Peru
1482
-19
🇺🇸 Goths · United States
1458
-18
🇦🇷 Varangians · Argentina
1422
-16
DH
6:54 Loom
9:47 Feudal Age
GdR_Tuna
7:29 Loom
10:18 Feudal Age
Sauron_ator
9:44 Feudal Age
9:23 Loom
Chiripa605
5:34 Loom
SP
6:14 Loom
8:54 Feudal Age
Maech_
7:10 Loom
9:10 Feudal Age
Connection lost

Rejoining the realm…

Still unreachable

The connection could not be restored.

Session expired

The server has moved on; the page needs a fresh start.